 Dungeon Crawl Stone Soup version 0.28-a0-1395-g4f6bc678fa (webtiles) character file.

Game seed: 2964629877310674134

10 eustatius the Shield-Bearer (level 2, 0/20 HPs)
             Began as a Minotaur Wanderer on Jan 5, 2022.
             Slain by a ball python (3 damage)
             ... on level 1 of the Dungeon.
             The game lasted 00:03:10 (904 turns).

eustatius the Shield-Bearer (Minotaur Wanderer)      Turns: 904, Time: 00:03:12

Health: 0/20       AC:  3    Str: 14    XL:     2   Next: 10%
Magic:  4/4        EV:  7    Int: 10    God:
Gold:   52         SH:  6    Dex: 10    Spells: 4/5 levels left

rFire   . . .      SeeInvis .   a - +0 club
rCold   . . .      Faith    .   d - +2 buckler
rNeg    . . .      Spirit   .   c - +0 leather armour
rPois   .          Reflect  .   (helmet restricted)
rElec   .          Harm     .   (no cloak)
rCorr   .          Rampage  .   (no gloves)
Will    .....                   (no boots)
Stlth   +.........              (no amulet)
HPRegen 0.06/turn               (no ring)
MPRegen 0.09/turn               (no ring)

@: constricted
A: horns 2, retaliatory headbutt
a: no special abilities


You were on level 1 of the Dungeon.
You visited 1 branch of the dungeon, and saw 1 of its levels.

You collected 52 gold pieces.

Inventory:

Hand Weapons
 a - a +0 club (weapon)
Armour
 c - a +0 leather armour (worn)
 d - a +2 buckler (worn)
Wands
 b - a wand of flame (5) (quivered)
Scrolls
 f - a scroll of brand weapon {unknown}
Potions
 e - a potion of cancellation {unknown}


   Skills:
 * Level 0.5 Maces & Flails
 + Level 0.4 Dodging
 + Level 2.4 Shields
 + Level 2.3 Spellcasting
 + Level 1.4 Translocations
 - Level 1.0 Invocations
 - Level 1.9 Evocations


You had 4 spell levels left.
You knew the following spells:

 Your Spells              Type           Power      Damage    Failure   Level
a - Apportation           Tloc           8%         N/A       26%         1

Your spell library contained the following spells:

 Spells                   Type           Power      Damage    Failure   Level
 Lesser Beckoning         Tloc           4%         N/A       61%         3


Dungeon Overview and Level Annotations

Branches:
Dungeon (1/15)

Altars:


Innate Abilities, Weirdness & Mutations

You have a pair of horns on your head.
You reflexively headbutt those who attack you in melee.


Message History

The ball python hisses angrily.
Okay, then.
The hobgoblin hits you. The ball python closely misses you.
You block the ball python's attack.
You barely miss the hobgoblin. The hobgoblin barely misses you.
The ball python bites you. The ball python misses you.
You closely miss the hobgoblin. Your headbutt misses the hobgoblin.
The hobgoblin hits you.
The ball python bites you but does no damage.
The ball python closely misses you. The hobgoblin hits you.
The ball python closely misses you. The ball python barely misses you.
You closely miss the hobgoblin. You headbutt the hobgoblin.
The hobgoblin is severely wounded.
You block the ball python's attack. x2; The hobgoblin barely misses you.
You hit the hobgoblin.
You kill the hobgoblin!
You block the ball python's attack. The ball python grabs you.
The ball python constricts you. The ball python bites you.
The ball python constricts you.
You escape the ball python's grasp.
The ball python barely misses you. The ball python misses you.
The ball python closely misses you.
Keep disrobing? [Y]es or [N]o only, please.
Keep disrobing? [Y]es or [N]o only, please.
Keep disrobing? [Y]es or [N]o only, please.
Keep disrobing?
The ball python grabs you. The ball python constricts you.
* * * LOW HITPOINT WARNING * * *
You start removing your armour.
You continue taking off your +0 leather armour.
The ball python bites you.
* * * LOW HITPOINT WARNING * * *
The ball python constricts you.
* * * LOW HITPOINT WARNING * * *
You continue taking off your +0 leather armour.
The ball python bites you.
You die...

#.. #......#
###..###......#
..............#
..............#
..............#
#.............#
#..........#
#....@.....#
#....S..÷..#
#............#
##..#######÷##
.... #.# #...
#.# #.. #.# ###
#.# #####.###


You could see a ball python.

Vanquished Creatures
  3 endoplasms (D:1)
  A giant cockroach (D:1)
  A hobgoblin (D:1)
  A ball python (D:1)
  3 bats (D:1)
  A frilled lizard (D:1)
10 creatures vanquished.

Notes
Turn   | Place    | Note
-------+----------+-------------------------------------------
     0 | D:1      | eustatius the Minotaur Wanderer began the quest for the
                  | Orb.
     0 | D:1      | eustatius set off with the following items: a +0 club, a
                  | wand of flame (5), a +0 leather armour, a +2 buckler; and
                  | the following spell memorised: Apportation; and the
                  | following spells available to memorise: Lesser Beckoning
     0 | D:1      | Reached XP level 1. HP: 14/14 MP: 2/2
   603 | D:1      | Reached XP level 2. HP: 3/20 MP: 4/4
   904 | D:1      | Slain by a ball python

Illustrated notes

Levels and vault maps discovered:
D:1:      matt_arrival_los_fun, layout_basic,
          shapermc_ecumenical_altar_hornbeckon

Action                   || total
-------------------------++-------
Melee: Club              ||    24
       Headbutt          ||     4
Armor: Leather armour    ||    19
Dodge: Dodged            ||    27
Block: Buckler           ||    13

Table legend: (Time is in decaauts)
 A = Elapsed time spent in this place.
 B = Non-inter-level travel time spent in this place.
 C = Inter-level travel time spent in this place.
 D = Time resting spent in this place.
 E = Time spent auto-exploring this place.
 F = Levels seen in this place.
 G = Mean time per level.
                   A        B        C        D        E       F      G
               +--------+--------+--------+--------+--------+-----+--------+
         Total |    913 |    867 |     46 |    275 |    394 |   1 |  913.0 |
       Dungeon |    913 |    867 |     46 |    275 |    394 |   1 |  913.0 |
               +--------+--------+--------+--------+--------+-----+--------+

Top non-repeatable levels by time:
     D:1: 913 daAuts
